Map: Бюро находок РВ

Players

ИИ 1 (эксперт) - Winner!

  • Race: Zerg Zerg
  • Spawn Location: 7:00

Doll

  • Race: Terran Terran
  • Spawn Location: 1:00

VOD

Have the link to the VOD?

Description

Time

  • Played on: Nov. 6, 2022, 10:45 a.m.
  • Length: 5:37
Show
View Real Time Build Order
Export as new Build Order

ИИ 1 (эксперт) Zerg - Winner!

Build Orders: Hatch First 

Get SALT Encoding   

  12  0:00  Drone  
  13  0:12  Overlord  
  13  0:16  Drone  
  14  0:30  Drone x2  
  14  0:34  Drone  
  17  0:53  Hatchery  
  17  0:55  Drone  
  17  1:11  Spawning Pool  
  17  1:13  Extractor  
  17  1:14  Drone  
  17  1:18  Drone  
  17  1:22  Drone  
  18  1:28  Drone  
  19  1:38  Overlord  
  19  1:49  Drone  
  20  1:59  Queen  
  20  2:00  Zergling x2  
  23  2:04  Drone  
  24  2:10  Queen  
  26  2:15  Drone  
  27  2:28  Roach Warren  
  27  2:29  Extractor  
  25  2:31  Drone  
  25  2:33  Drone  
  27  2:40  Overlord  
  28  2:44  Drone  
  28  2:47  Drone  
  28  2:50  Drone  
  30  2:52  Drone  
  30  2:56  Drone  
  32  3:02  Zergling x2  
  32  3:04  Zergling x2  
  34  3:11  Roach x2  
  38  3:15  Roach  
  38  3:19  Roach  
  42  3:21  Drone  
  42  3:24  Drone  
  44  3:30  Overlord  
  44  3:36  Lair  
  44  3:40  Metabolic Boost  
  44  3:45  Overlord  
  44  3:48  Drone  
  45  3:50  Drone  
  45  3:52  Drone  
  45  3:54  Zergling x2  
  48  3:57  Zergling x2  
  48  3:58  Zergling x2  
  50  4:05  Evolution Chamber, Drone  
  50  4:11  Drone, Evolution Chamber  
  50  4:13  Drone  
  50  4:15  Drone  
  52  4:17  Drone  
  52  4:19  Drone  
  54  4:36  Drone, Hydralisk Den  
  54  4:39  Zergling x2  
  54  4:40  Zergling x2  
  54  4:41  Zergling x2  
  54  4:43  Zergling x2  
  54  4:44  Zergling x2  
  54  4:48  Roach  
  54  4:51  Roach  
  48  4:53  Roach  
  48  4:57  Roach  
  44  5:10  Zergling x2  
  39  5:15  Zergling x2  
Show
View Real Time Build Order
Export as new Build Order

Doll Terran 

Build Orders:  

Get SALT Encoding   

  12  0:00  SCV  
  13  0:12  SCV  
  14  0:18  Supply Depot  
  14  0:24  SCV  
  15  0:40  SCV  
  15  0:42  Barracks  
  16  0:52  Barracks  
  16  0:53  SCV  
  17  1:00  Refinery  
  17  1:05  SCV  
  18  1:15  Supply Depot  
  18  1:18  SCV  
  19  1:28  Marine  
  19  1:32  Orbital Command  
  20  1:39  Marine  
  21  1:46  Marine  
  22  1:54  Barracks  
  22  1:57  Barracks Tech Lab  
  22  2:01  SCV  
  22  2:02  Refinery  
  22  2:05  Marine  
  24  2:14  SCV  
  25  2:16  Marauder  
  25  2:17  Concussive Shells  
  27  2:22  Marine  
  27  2:27  SCV  
  29  2:37  Marauder  
  29  2:42  Barracks Tech Lab  
  31  2:44  Supply Depot, Barracks Tech Lab  
  31  2:50  Supply Depot  
  31  2:55  Bunker  
  31  3:00  Stimpack  
  31  3:05  Combat Shield  
  31  3:08  Marine  
  31  3:11  Marine  
  35  3:20  Marauder  
  35  3:24  SCV  
  36  3:27  Marine  
  36  3:33  Marauder  
  39  3:42  Marauder  
  41  3:49  Marine  
  41  3:51  Factory  
  42  4:13  Command Center  
  42  4:21  Engineering Bay  
  42  4:24  SCV  
  42  4:29  Reaper  
  42  4:30  Reaper x2  
Tags
 
Add a new tag
Caveats
  • Supply blocks, unpowered buildings, or Contaminate may cause inaccurate times.
  • Supply counts are checked every 10 seconds.